 Dungeon Crawl Stone Soup version 0.29-a0-477-g62b78b4225 (webtiles) character file.

Game seed: 13702178134209410436

125 hquester the Skirmisher (level 4, -2/37 HPs)
             Began as a Demonspawn Abyssal Knight on May 24, 2022.
             Was a Believer of Lugonu.
             Succumbed to a water moccasin's poison
             ... in a sewer.
             The game lasted 00:07:20 (3167 turns).

hquester the Skirmisher (Demonspawn Abyssal Knight) Turns: 3167, Time: 00:07:21

Health: -2/37      AC:  3    Str: 14    XL:     4   Next: 82%
Magic:  6/6        EV: 12    Int: 13    God:    Lugonu [**....]
Gold:   140        SH:  0    Dex: 13    Spells: 3/3 levels left

rFire   . . .      SeeInvis .   a - +1 short sword
rCold   . . .      Faith    .   (no shield)
rNeg    . . .      Spirit   .   b - +0 leather armour
rPois   .          Reflect  .   (no helmet)
rElec   .          Harm     .   (no cloak)
rCorr   .          Rampage  .   (no gloves)
Will    .....                   (no boots)
Stlth   +.........              (no amulet)
HPRegen 0.12/turn               (no ring)
MPRegen 0.10/turn               (no ring)

@: brilliant, lethally poisoned (-2 -> -25)
A: powered by death 2
a: Renounce Religion, Depart the Abyss, Bend Space


You were in a sewer.
You worshipped Lugonu.
Lugonu was pleased with you.
You visited 1 branch of the dungeon, and saw 3 of its levels.
You visited the Abyss 1 time.
You also visited: Sewer.

You collected 140 gold pieces.

Inventory:

Hand Weapons
 a - a +1 short sword (weapon)
Armour
 b - a +0 leather armour (worn)
Jewellery
 f - a ring of resist corrosion
Scrolls
 c - a scroll of fog {unknown}
 d - a scroll of amnesia
 e - a scroll of poison {unknown}
 i - a scroll of blinking {unknown}
Potions
 g - a potion of magic


   Skills:
 + Level 3.6 Fighting
 + Level 2.5 Short Blades
 + Level 2.5 Armour
 + Level 2.0 Dodging
 + Level 3.6 Invocations


You had 3 spell levels left.
You didn't know any spells.
Your spell library contained the following spells:

 Spells                   Type           Power      Damage    Failure   Level
 Sting                    Tmut/Pois      0%         1d3       36%         1
 Poisonous Vapours        Pois/Air       0%         N/A       50%         2
 Olgreb's Toxic Radiance  Pois           0%         N/A       98%         4


Dungeon Overview and Level Annotations

Branches:
Dungeon (3/15)              Sewer (1/1)

Altars:


Innate Abilities, Weirdness & Mutations

You regenerate health from kills.


Message History

You barely miss the water moccasin. The water moccasin barely misses you.
The water moccasin closely misses you.
You closely miss the water moccasin. The water moccasin barely misses you.
You closely miss the water moccasin. The water moccasin closely misses you.
You miss the water moccasin. The water moccasin bites you.
You are poisoned.
The water moccasin poisons you! The water moccasin closely misses you.
You hit the water moccasin.
The water moccasin is moderately wounded.
You feel very sick. The water moccasin barely misses you.
You hit the water moccasin.
The water moccasin is moderately wounded.
You feel sick. The water moccasin bites you.
You are more poisoned.
The water moccasin poisons you!
The water moccasin bites you but does no damage.
You miss the water moccasin.
The water moccasin is moderately wounded.
You feel very sick. The water moccasin closely misses you.
You hit the water moccasin.
The water moccasin is moderately wounded.
You feel very sick. The water moccasin barely misses you.
You closely miss the water moccasin.
The water moccasin is moderately wounded.
You feel very sick. The water moccasin misses you.
The water moccasin bites you.
* * * LOW HITPOINT WARNING * * *
You are more poisoned.
The water moccasin poisons you!
It was a potion of brilliance.
You feel clever all of a sudden.
* * * LOW HITPOINT WARNING * * *
You feel very sick. The water moccasin closely misses you.
You closely miss the water moccasin.
The water moccasin is moderately wounded.
You die...

### .... .....
$.....############
$......S@........∩
$.....####.######
..... #.# .... #.#
### #.# #.# #.#
##.## ##...##


You could see a water moccasin.

Vanquished Creatures
  Jessica (D:3)
  Terence (D:3)
  3 adders
  2 worms
  A dart slug (D:1)
  A ball python (D:3)
  3 endoplasms
  6 goblins
  4 hobgoblins
  2 jackals (D:1)
  2 kobolds (D:1)
  A quokka (D:3)
  6 bats
  A frilled lizard (D:1)
  4 rats
38 creatures vanquished.

Notes
Turn   | Place    | Note
-------+----------+-------------------------------------------
     0 | Abyss:1  | hquester the Demonspawn Abyssal Knight began the quest for
                  | the Orb.
     0 | Abyss:1  | Reached XP level 1. HP: 18/18 MP: 2/2
   166 | Abyss:1  | Noticed a small abomination
   189 | Abyss:1  | Noticed a small abomination
   198 | D:1      | Escaped the Abyss
   347 | D:1      | Reached skill level 1 in Dodging
   622 | D:1      | Reached ** piety under Lugonu
   623 | D:1      | Gained mutation: You regenerate a little health from kills.
                  | [demonic ancestry]
   623 | D:1      | Reached XP level 2. HP: 9/24 MP: 4/4
  2182 | D:2      | Gained mutation: You regenerate health from kills. [demonic
                  | ancestry]
  2182 | D:2      | Reached XP level 3. HP: 9/29 MP: 5/5
  2799 | D:3      | Noticed Jessica
  2815 | D:3      | Killed Jessica
  2816 | D:3      | Reached XP level 4. HP: 13/35 MP: 6/6
  2905 | D:3      | Noticed Terence
  2920 | D:3      | Killed Terence
  2936 | D:3      | HP: 1/36 [quokka (1)]
  3006 | D:3      | Found a glowing drain.
  3014 | Sewer    | Entered a sewer
  3150 | Sewer    | Noticed a water moccasin
  3167 | Sewer    | Succumbed to a water moccasin's poison

Illustrated notes

Levels and vault maps discovered:
D:1:      psy_arrival_dodecagon, layout_basic, chequers_decorated_corner
D:2:      layout_rooms, grunt_ministairs_8
D:3:      layout_loops_corners, doesnt_xom_only_xom,
          cheibrodos_sewer_entry_bend, ebering_ecumenical_altar_rust,
          uniq_pargi, uniq_robin, uniq_natasha, uniq_jessica, uniq_terence
Sewer:    sewer_big_baddie

Skill      XL: |  1  2  3  4 |
---------------+-------------+-----
Dodging        | 1 2 |  2.0
Short Blades   | 2 |  2.5
Armour         | 2 |  2.5
Invocations    | 3 |  3.6
Fighting       | |  3.6

Action                   |  1- 3 |  4- 6 || total
-------------------------+-------+-------++-------
Melee: Short sword       |   160 |    45 ||   205
       Punch             |     1 |       ||     1
Invok: Depart the Abyss  |     1 |       ||     1
  Use: Potion            |     3 |     1 ||     4
       Scroll            |       |     1 ||     1
 Stab: Sleeping          |     1 |       ||     1
Armor: Leather armour    |    42 |    13 ||    55
Dodge: Dodged            |    91 |    37 ||   128

Table legend: (Time is in decaauts)
 A = Elapsed time spent in this place.
 B = Non-inter-level travel time spent in this place.
 C = Inter-level travel time spent in this place.
 D = Time resting spent in this place.
 E = Time spent auto-exploring this place.
 F = Levels seen in this place.
 G = Mean time per level.
                   A        B        C        D        E       F      G
               +--------+--------+--------+--------+--------+-----+--------+
         Total |   3173 |   3166 |      7 |   1007 |   1377 |   5 |  634.6 |
       Dungeon |   2821 |   2814 |      7 |    907 |   1206 |   3 |  940.3 |
         Abyss |    199 |    199 |      0 |      0 |    167 |   1 |  199.0 |
         Sewer |    152 |    152 |      0 |    100 |      4 |   1 |  152.0 |
               +--------+--------+--------+--------+--------+-----+--------+

Top non-repeatable levels by time:
     D:1: 2118 daAuts
     D:3: 545 daAuts
 Abyss:1: 199 daAuts
     D:2: 157 daAuts
   Sewer: 152 daAuts
